 Dungeon Crawl Stone Soup version 0.32-a0-900-g30fb1b0edc (webtiles) character file.

Game seed: 4300057179881730514

330379 pokeman the Archmage (level 20, -34/117 HPs)
             Began as a Deep Elf Hedge Wizard on Apr 4, 2024.
             Was the Champion of Vehumet.
             Killed from afar by a fire giant (48 damage)
             ... with a bolt of fire
             ... on level 2 of the Depths on Apr 5, 2024.
             The game lasted 02:43:41 (61975 turns).

pokeman the Archmage (Deep Elf Hedge Wizard)       Turns: 61975, Time: 02:43:42

Health: -34/117    AC: 17    Str:  9    XL:     20   Next: 85%
Magic:  45/53      EV: 12    Int: 41    God:    Vehumet [******]
Gold:   2043       SH:  5    Dex: 14    Spells: 16/73 levels left

rFire   . . .        F - staff of cold
rCold   + + +        M - +0 buckler
rNeg    . . .        O - +4 skin of Zhor {*Englaciate rC+++ SInv}
rPois   +            b - +1 helmet
rElec   .            z - +2 cloak {Will+}
rCorr   .            U - +0 pair of gloves of Nemelex Xobeh's Regard {rPois rC- Will+ Str+2}
SInv    +            E - +2 pair of boots {Fly}
Will    ++++.        J - amulet of regeneration
Stlth   ++++++       X - +6 ring of intelligence
HPRegen 1.19/turn    C - +6 ring of intelligence
MPRegen 0.33/turn

%: no passive effects
@: in a vortex, flying, studying 2 skills
A: no striking features
}: 2/15 runes: barnacled, gossamer
a: Renounce Religion


You were on level 2 of the Depths.
You worshipped Vehumet.
Vehumet was exalted by your worship.
You visited 8 branches of the dungeon, and saw 36 of its levels.
You also visited: Sewer, Bailey and Volcano.

You collected 5052 gold pieces.
You spent 3009 gold pieces at shops.

Inventory:

Hand Weapons
 T - the +10 short sword "Imilleov" {drain, ^Drain rCorr Str+3 Int+3}
   (You found it on level 3 of the Elven Halls)

   Str+3:     It affects your strength (+3).
   Int+3:     It affects your intelligence (+3).
   rCorr:     It protects you from acid and corrosion.
   ^Drain:    It drains your maximum health when unequipped.
Missiles
 B - 3 throwing nets
 Q - 8 curare-tipped darts
Armour
 b - a +1 helmet (worn)
 f - +0 fire dragon scales
 z - a +2 cloak of willpower (worn)
 E - a +2 pair of boots of flying (worn)
 L - a scarf of repulsion
 M - a +0 buckler (worn)
 O - the +4 skin of Zhor (worn) {*Englaciate rC+++ SInv}
   (You found it on level 4 of the Lair of Beasts)

   *Englaciate: It radiates cold, occasionally slowing all nearby creatures who
   are not resistant to cold.
   rC+++:     It renders you almost immune to cold.
   SInv:      It lets you see invisible.
 U - the +0 pair of gloves of Nemelex Xobeh's Regard (worn) {rPois rC- Will+ Str+2}
   (You found it on level 3 of the Elven Halls)

   Str+2:     It affects your strength (+2).
   rC-:       It makes you vulnerable to cold.
   rPois:     It protects you from poison.
   Will+:     It increases your willpower.
Magical Staves
 F - a staff of cold (weapon)
Jewellery
 C - a +6 ring of intelligence (right hand)
 J - an amulet of regeneration (around neck)
 X - a +6 ring of intelligence (left hand)
Wands
 c - a wand of flame (17)
 m - a wand of digging (15)
 Y - a wand of light (3)
Scrolls
 a - 14 scrolls of identify
 g - a scroll of amnesia
 i - 8 scrolls of blinking
 k - a scroll of brand weapon
 o - 13 scrolls of teleportation
 D - 7 scrolls of revelation
Potions
 d - 6 potions of magic
 e - a potion of cancellation
 h - 12 potions of curing
 j - a potion of invisibility {unknown}
 r - 8 potions of haste
 s - 5 potions of heal wounds
Miscellaneous
 K - a phantom mirror


   Skills:
 - Level 10.0 Fighting
 + Level 9.5 Armour
 - Level 4.0 Dodging
 + Level 16.2 Stealth
 - Level 6.0 Shields
 O Level 27 Spellcasting
 + Level 19.0 Conjurations
 - Level 1.1 Summonings
 - Level 3.0 Necromancy
 - Level 1.1 Translocations
 - Level 1.3 Fire Magic
 * Level 20.6 Ice Magic
 - Level 1.0 Air Magic
 - Level 2.0 Earth Magic
 - Level 1.0 Alchemy
 - Level 1.0 Evocations


You had 16 spell levels left.
You knew the following spells:

 Your Spells              Type           Power      Damage    Failure   Level
a - Magic Dart            Conj           100%       1d8       0%          1
b - Mephitic Cloud        Conj/Alch/Air  85%        N/A       1%          3
c - Call Imp              Summ           100%       N/A       1%          2
d - Blink                 Tloc           100%       N/A       1%          2
e - Foxfire               Conj/Fire      100%       2x1d9     0%          1
f - Ozocubu's Armour      Ice            100%       N/A       0%          3
g - Ozocubu's Refrigerat  Ice            73%        4d23      1%          7
h - Lee's Rapid Deconstr  Erth           32%        3d16*     1%          5
i - Freezing Cloud        Conj/Ice/Air   64%        6-21      1%          5
j - Starburst             Conj/Fire      47%        6d13      1%          6
k - Permafrost Eruption   Ice/Erth       61%        2x4d13    1%          6
l - Polar Vortex          Ice            73%        12d9*     2%          9
m - Orb of Destruction    Conj           59%        9d14      1%          7

Your spell library contained the following spells:

 Spells                   Type           Power      Damage    Failure   Level
 Chain Lightning          Conj/Air       47%        3d63      82%         9
 Shatter                  Erth           32%        3d26*     100%        9
 Shock                    Conj/Air       100%       1d9       0%          1
 Sting                    Conj/Alch      100%       1d9       0%          1
 Ensorcelled Hibernation  Hex/Ice        100%       N/A       0%          2
 Searing Ray              Conj           100%       2d8       0%          2
 Frozen Ramparts          Ice            100%       1d16      0%          3
 Stone Arrow              Conj/Erth      100%       3d13      0%          3
 Apportation              Tloc           100%       N/A       1%          1
 Necrotise                Necr           100%       1d9       1%          1
 Slow                     Hex            100%       N/A       1%          1
 Summon Small Mammal      Summ           100%       N/A       1%          1
 Cigotuvi's Dreadful Rot  Necr/Alch/Air  100%       N/A       1%          2
 Mercury Vapours          Alch/Air       100%       N/A       1%          2
 Sublimation of Blood     Necr           68%        N/A       1%          2
 Call Canine Familiar     Summ           59%        N/A       1%          3
 Confusing Touch          Hex            53%        N/A       1%          3
 Fugue of the Fallen      Necr           68%        N/A       1%          3
 Inner Flame              Hex/Fire       57%        N/A       1%          3
 Passwall                 Erth           64%        N/A       1%          3
 Swiftness                Air            59%        N/A       1%          3
 Vampiric Draining        Necr           68%        2d10      1%          3
 Volatile Blastmotes      Fire/Tloc      100%       2d18      1%          3
 Airstrike                Air            29%        2d(5-21)  1%          4
 Brom's Barrelling Bould  Conj/Erth      97%        2d11      1%          4
 Dispel Undead            Necr           68%        3d23      1%          4
 Fulminant Prism          Conj/Alch      47%        3d21      1%          4
 Iskenderun's Mystic Bla  Conj/Tloc      95%        2d18      (+2d11%     4
 Martyr's Knell           Necr/Summ      64%        N/A       1%          4
 Olgreb's Toxic Radiance  Alch           59%        N/A       1%          4
 Fireball                 Conj/Fire      47%        3d19      1%          5
 Irradiate                Conj/Alch      47%        3d27      1%          5
 Metabolic Englaciation   Hex/Ice        59%        N/A       1%          5
 Animate Armour           Summ/Erth      100%       N/A       2%          4
 Leda's Liquefaction      Alch/Erth      30%        N/A       2%          4
 Passage of Golubria      Tloc           59%        N/A       2%          4
 Petrify                  Alch/Erth      61%        N/A       2%          4
 Summon Lightning Spire   Summ/Air       59%        N/A       2%          4
 Cause Fear               Hex            26%        N/A       4%          4
 Silence                  Hex/Air        28%        N/A       9%          5
 Summon Mana Viper        Hex/Summ       56%        N/A       9%          5
 Lehudib's Crystal Spear  Conj/Erth      48%        10d12     10%         8
 Plasma Beam              Fire/Air       30%        2x1d43    11%         6
 Manifold Assault         Tloc           29%        N/A       91%         7
 Ignition                 Fire           30%        3d10      97%         8
 Discord                  Hex            26%        N/A       100%        8
 Dragon's Call            Summ           29%        N/A       100%        9


Dungeon Overview and Level Annotations

Branches:
Dungeon (15/15)            Temple (1/1) D:4            Lair (5/5) D:9
 Shoals (4/4) Lair:2       Spider (4/4) Lair:2        Slime (0/5) Lair:4
    Orc (2/2) D:9             Elf (3/3) Orc:2        Vaults (0/5) D:13
 Depths (2/4) D:15          Sewer (visited)          Bailey (visited)
Volcano (visited)

Altars:
Ashenzari
Cheibriados
Dithmenos
Elyvilon
Fedhas
Gozag
Hepliaklqana
Kikubaaqudgha
Makhleb
Nemelex Xobeh
Okawaru
Qazlal
Ru
Sif Muna
Trog
Uskayaw
Vehumet
Wu Jian
Xom
Yredelemnul
Zin
The Shining One
Beogh

Shops:
D:2 (   D:6 *   D:7 (   D:9 :*   D:10 [   D:11 ?(?[   D:12 ?=?   Orc:2 ?=(!
Elf:1 [   Elf:2 [   Shoals:2 *   Depths:2 =*[

Portals:
Hell: Depths:1
Abyss: Depths:2
Pandemonium: Depths:2
Ziggurat: Depths:1
Trove: D:15 (show slimy rune of Zot)

Annotations:
Shoals:3 2 transporters, Duttonia's ghost, journeyman MeWn
Depths:1 1 runed translucent door


Message History

You kill the storm dragon!
Vehumet accepts your kill.
You feel your power returning.
The winds around you start to calm down.
The winds around you calm down.
Things that are here:
a +0 dagger of venom; a +0 robe; an orc corpse
Found a stone staircase leading down.
You see here a +2 great sword of flaming.
You see here a +2 battleaxe of freezing.
You see here an ice dragon skeleton.
Things that are here:
a +0 great sword of flaming; a fire giant skeleton A fire giant comes into view.
It is wielding a +4 great sword of flaming.
The fire giant moves out of view.
A fire giant comes into view.
It is wielding a +0 great sword of flaming.
Found an embroidered scarf.
The fire giant shouts!
You hear a shout! x2
A hell knight comes into view.
It is wielding a +5 great mace of flaming and wearing the amulet "Gycaylel" {rF+ RegenMP+}.
Unknown command.
Unknown command.
Casting: Polar Vortex (dangerous; 2% risk of failure)
Confirm with . or Enter, or press ? or * to list all spells.
You feel a surge of power!
A great freezing vortex appears around you.
The fire giant gestures at you while chanting.
The fireball explodes!
The fireball engulfs you!!!
Unknown command.
The hell knight mumbles some strange prayers to its god against you.
The bolt of fire hits the fire giant.
The fire giant resists.
The bolt of fire misses you. x2
Unknown command.
The fire giant gestures at you while chanting.
The bolt of fire hits you!!!
Unknown command.
The fire giant casts a spell at you. The bolt of fire hits you!!
* * * LOW HITPOINT WARNING * * *
The bolt of fire hits you!!!
You die...

##.#.###....## #..
####.##############.. #...#
#..........
####.######.......(..
#.#.#.#........÷.....
..###......######...
#.#.#)#....## #)..
####C####### #... #§@§#
########... ##§## #..........
.#C #.......... .# #p
#.......... .[ .. #######...#
## ## #...# ##################
#...#
#...............(#########...#
#.............................


You could see 2 fire giants and a hell knight.

Vanquished Creatures
  Saint Roka (Orc:2)
  Nikola (Spider:4)
  Norris (Depths:1)
  Rupert (D:15)
  2 liches
  Mlioglotl (Shoals:1)
  2 deep elf master archers (Elf:3)
  4 deep elf blademasters
  2 krakens
  Agnes (Elf:2)
  Roxanne (D:15)
  5 storm dragons
  4 fire giants
  5 deep elf sorcerers
  3 emperor scorpions (Spider:4)
  3 frost giants
  A ghost moth (Spider:1)
  A balrug (Depths:2)
  5 deep elf elementalists (Elf:3)
  8 broodmothers
  8 very ugly things
  A stone giant (Depths:2)
  7 deep elf death magi
  7 deep elf demonologists
  5 deep elf annihilators (Elf:3)
  Azrael (Orc:2)
  4 spark wasps (Depths:1)
  9 merfolk impalers
  Josephine (D:15)
  3 deep elf high priests (Elf:3)
  2 ettins (Depths:1)
  2 jiangshi (Depths:1)
  5 merfolk javelineers
  3 entropy weavers
  3 fire dragons
  3 hydras
  The ghost of Xocasifu the Cleaver, a journeyman CoGl of Hepliaklqana (Lair:1)
  Fannar (Lair:2)
  6 ice dragons
  A rakshasa (Depths:1)
  A catoblepas (Lair:1)
  Erolcha (Orc:2)
  7 vault guards
  A spriggan air mage (Depths:2)
  An ogre mage (Volcano)
  4 boulder beetles
  4 merfolk aquamancers
  Erica (D:8)
  4 merfolk avatars
  5 two-headed ogres
  4 centaur warriors
  31 dancing weapons
  An alligator snapping turtle (Shoals:4)
  4 radroaches
  4 tengu warriors
  A satyr (Shoals:2)
  A deep troll earth mage (Depths:2)
  A vampire mage (Depths:1)
  An occultist (Depths:1)
  11 demonic crawlers
  7 hell knights
  5 orc high priests
  Urug (Lair:2)
  9 death yaks
  Amaemon (Lair:2)
  Sonja (D:11)
  Nergalle (D:11)
  A soul eater (Depths:2)
  14 deep elf knights
  An iron troll (Depths:2)
  9 skysharks
  10 orb spiders
  13 pharaoh ants
  5 deep elf archers
  4 deep trolls (Depths:2)
  A sun moth (Spider:3)
  3 lindwurms (Lair:5)
  2 glowing orange brains
  18 steelbarb worms
  A flayed ghost (Depths:1)
  12 sea snakes
  36 harpies
  24 ugly things
  20 deep elf zephyrmancers
  31 deep elf pyromancers
  4 thermic dynamos
  24 wolf spiders
  5 orc knights
  9 fauns (Shoals:3)
  9 orc sorcerers
  Maurice (D:12)
  8 cyclopes
  9 manticores
  6 elephants (Lair:3)
  4 meliai
  12 black mambas
  7 merfolk sirens
  4 moths of wrath
  A black mamba (shapeshifter) (D:15)
  A guardian serpent (Lair:5)
  3 kobold blastminers
  Joseph (D:10)
  8 water nymphs
  An orange demon (Lair:2)
  3 gargoyles
  23 cane toads
  12 torpor snails
  8 komodo dragons
  A kobold demonologist (D:10)
  6 rime drakes (Lair:4)
  An unseen horror (D:10)
  2 freezing wraiths (D:15)
  A tormentor (Depths:2)
  4 tengu conjurers
  Psyche (D:8)
  20 merfolk
  A polar bear (Lair:5)
  7 trolls
  24 tarantellas
  12 blink frogs
  11 wind drakes
  36 jumping spiders
  10 hornets
  Prince Ribbit (D:6)
  Grinder (D:6)
  26 dream sheep
  A raiju (shapeshifter) (D:13)
  3 tyrant leeches (Lair:5)
  6 air elementals (Shoals:4)
  10 snapping turtles
  23 slime creatures
  A centaur simulacrum (D:14)
  20 wyverns
  A yak (shapeshifter) (D:15)
  23 culicivoras
  A spriggan (Lair:2)
  3 shadows
  11 humans
  25 water elementals
  7 wraiths
  38 yaks
  5 fire elementals
  A golden eye (shapeshifter) (D:15)
  A human (shapeshifter) (Elf:2)
  Grum (D:9)
  3 wargs
  52 redbacks
  A steam dragon (D:8)
  13 vampire mosquitoes
  5 basilisks
  4 acid dragons
  3 hell hounds (Orc:2)
  25 water moccasins
  14 orc warriors
  An ice beast (D:8)
  5 ogres
  2 black bears
  A sky beast (D:8)
  6 centaurs
  16 wolves
  3 phantoms
  30 bullfrogs
  An earth elemental (Elf:3)
  3 kobold brigands (D:10)
  A brain worm (Sewer)
  5 scorpions
  2 gnoll sergeants
  5 wights (D:7)
  2 troll zombies (D:9)
  13 killer bees
  4 howler monkeys
  3 hounds
  4 bombardier beetles (D:4)
  2 jellies (D:5)
  21 orc priests
  Crazy Yiuf (D:2)
  Jessica (D:2)
  A sleepcap (D:7)
  7 hell rats (Lair:2)
  An iguana (D:5)
  33 orc wizards
  4 ogre zombies (D:9)
  18 gnolls
  6 adders
  A shadow imp (D:6)
  2 white imps (D:7)
  4 ufetubi
  4 dart slugs
  5 ribbon worms
  43 orcs
  11 endoplasms
  9 giant cockroaches
  2 gnoll zombies (D:9)
  8 goblins
  9 hobgoblins
  A jackal (D:2)
  6 quokkas
  6 ball pythons
  11 bats
  8 frilled lizards
  2 gnoll skeletons (D:9)
  25 kobolds
  4 orc skeletons (D:9)
  11 orc zombies (D:9)
  8 rats
  A butterfly (Lair:1)
  5 foxfires
  8 tentacles
1468 creatures vanquished.

Vanquished Creatures (collateral kills)
  A bat (D:2)
  A foxfire (D:14)
2 creatures vanquished.

Vanquished Creatures (others)
  A water elemental (Elf:1)
  A human (D:13)
  2167 foxfires
  4 tentacles
2173 creatures vanquished.

Grand Total: 3643 creatures vanquished

Notes
Turn   | Place    | Note
-------+----------+-------------------------------------------
     0 | D:1      | pokeman the Deep Elf Hedge Wizard began the quest for the
                  | Orb.
     0 | D:1      | Reached XP level 1. HP: 10/10 MP: 7/7
   411 | D:1      | Reached XP level 2. HP: 15/15 MP: 7/9
  1214 | D:1      | Reached skill level 5 in Spellcasting
  1785 | D:2      | Reached XP level 3. HP: 16/20 MP: 4/11
  1951 | D:2      | Reached skill level 1 in Fighting
  2106 | D:2      | Found Luqoc's Weapon Shoppe.
  2120 | D:2      | Noticed Jessica
  2125 | D:2      | Killed Jessica
  2126 | D:2      | Reached skill level 1 in Armour
  2126 | D:2      | Reached XP level 4. HP: 25/25 MP: 6/13
  2753 | D:2      | Found a runed translucent door.
  2754 | D:2      | Noticed Crazy Yiuf
  2857 | D:1      | Learned a level 3 spell: Mephitic Cloud
  2860 | D:1      | Learned a level 2 spell: Call Imp
  2863 | D:1      | Learned a level 2 spell: Blink
  3327 | D:2      | Killed Crazy Yiuf
  3328 | D:2      | Reached skill level 6 in Spellcasting
  3328 | D:2      | Reached XP level 5. HP: 6/29 MP: 3/15
  3690 | D:3      | Found a glowing drain.
  3704 | Sewer    | Entered a sewer
  4150 | Sewer    | Reached XP level 6. HP: 34/34 MP: 15/17
  4346 | D:3      | Reached skill level 7 in Spellcasting
  4858 | D:3      | Found a faded altar of an unknown god.
  5215 | D:4      | Found a staircase to the Ecumenical Temple.
  5233 | Temple   | Entered the Ecumenical Temple
  5245 | Temple   | Became a worshipper of Vehumet
  5472 | D:4      | Learned a level 3 spell: Ozocubu's Armour
  5688 | D:4      | Reached XP level 7. HP: 38/38 MP: 13/20
  5740 | D:4      | Reached skill level 1 in Air Magic
  5740 | D:4      | Reached skill level 1 in Alchemy
  5804 | D:4      | Reached skill level 1 in Ice Magic
  6450 | D:5      | Entered Level 5 of the Dungeon
  6464 | D:5      | Reached skill level 8 in Spellcasting
  6477 | D:5      | Reached * piety under Vehumet
  6477 | D:5      | Offered knowledge of Foxfire by Vehumet.
  6496 | D:5      | Learned a level 1 spell: Foxfire
  7016 | D:5      | Found an ornate altar of the Wu Jian Council.
  7057 | D:5      | Found an ancient bone altar of Kikubaaqudgha.
  7311 | D:5      | Reached skill level 1 in Fire Magic
  7319 | D:5      | Reached skill level 9 in Spellcasting
  7319 | D:5      | Reached XP level 8. HP: 40/44 MP: 19/23
  7664 | D:6      | Found a white marble altar of Elyvilon.
  7900 | D:6      | Reached ** piety under Vehumet
  7970 | D:6      | Reached skill level 5 in Conjurations
  8047 | D:6      | Found Meam's Merry Market.
  8057 | D:6      | Bought a potion of magic for 88 gold pieces
  8066 | D:6      | Noticed Grinder
  8083 | D:6      | Killed Grinder
  8084 | D:6      | Reached skill level 10 in Spellcasting
  8143 | D:6      | Noticed Prince Ribbit
  8150 | D:6      | Killed Prince Ribbit
  8150 | D:6      | Offered knowledge of Sting by Vehumet.
  8220 | D:6      | Reached XP level 9. HP: 48/48 MP: 21/25
  8884 | D:7      | Found Xopaxeg's Antique Weapon Boutique.
  9162 | D:7      | Reached skill level 11 in Spellcasting
  9649 | D:7      | Reached skill level 1 in Evocations
  9756 | D:8      | Reached skill level 5 in Ice Magic
 10017 | D:8      | Noticed Erica
 10030 | D:8      | Killed Erica
 10031 | D:8      | Reached skill level 12 in Spellcasting
 10226 | D:8      | Found a glowing golden altar of the Shining One.
 10376 | D:8      | Noticed Psyche
 10383 | D:8      | Killed Psyche
 10384 | D:8      | Reached XP level 10. HP: 56/56 MP: 20/28
 10389 | D:8      | Offered knowledge of Volatile Blastmotes by Vehumet.
 10705 | D:9      | Reached *** piety under Vehumet
 10830 | D:9      | Found Osif Tad's General Store.
 10838 | D:9      | Bought a scroll of blinking for 120 gold pieces
 10890 | D:9      | Found a flagged portal.
 10899 | Bailey   | Entered a bailey
 10920 | Bailey   | Reached skill level 13 in Spellcasting
 11145 | Bailey   | Noticed a vault guard
 11165 | Bailey   | Killed a vault guard
 11166 | Bailey   | Reached skill level 14 in Spellcasting
 11312 | Bailey   | Noticed a vault guard
 11320 | Bailey   | Killed a vault guard
 11557 | D:9      | Noticed Grum
 11566 | D:9      | Offered knowledge of Iskenderun's Mystic Blast by Vehumet.
 11567 | D:9      | Reached XP level 11. HP: 61/61 MP: 24/31
 11571 | D:9      | Killed Grum
 11838 | D:9      | Reached **** piety under Vehumet
 11913 | D:9      | Offered knowledge of Brom's Barrelling Boulder by Vehumet.
 12031 | D:9      | Found a staircase to the Lair.
 12059 | D:9      | Reached skill level 15 in Spellcasting
 12118 | D:9      | Found a staircase to the Orcish Mines.
 12322 | D:9      | Found Vumamyff's Book Shop.
 12546 | Orc:1    | Entered Level 1 of the Orcish Mines
 12551 | Orc:1    | Noticed an orc knight
 12669 | D:10     | Entered Level 10 of the Dungeon
 12970 | D:10     | Reached ***** piety under Vehumet
 13108 | D:10     | Offered knowledge of Olgreb's Toxic Radiance by Vehumet.
 13231 | D:10     | Noticed Joseph
 13244 | D:10     | Killed Joseph
 13245 | D:10     | Reached skill level 5 in Armour
 13366 | D:10     | Found Xyikkuox's Antique Armour Emporium.
 13665 | D:11     | Found Vop Sune's Magic Scroll Emporium.
 13678 | D:11     | Bought a scroll of teleportation for 42 gold pieces
 13678 | D:11     | Bought a scroll of identify for 28 gold pieces
 13678 | D:11     | Bought a scroll of identify for 28 gold pieces
 13678 | D:11     | Bought a scroll of identify for 28 gold pieces
 13678 | D:11     | Identified a scroll of acquirement
 13710 | D:11     | Found Inucicwe's Magic Scroll Emporium.
 13715 | D:11     | Noticed Nergalle
 13979 | D:11     | Noticed a green ugly thing
 14042 | D:11     | Killed a green ugly thing
 14293 | D:11     | Found Aghiubb's Antique Armour Emporium.
 14537 | D:11     | Bought a scroll of teleportation for 45 gold pieces
 14537 | D:11     | Bought a scroll of identify for 30 gold pieces
 14537 | D:11     | Bought a scroll of revelation for 112 gold pieces
 14537 | D:11     | Bought a scroll of identify for 30 gold pieces
 14548 | D:11     | Found Mecify's Antique Weapon Boutique.
 14561 | D:11     | Reached skill level 16 in Spellcasting
 14779 | D:11     | Noticed Sonja
 14787 | D:11     | Killed Sonja
 15024 | D:11     | Killed Nergalle
 15764 | D:12     | Reached XP level 12. HP: 62/66 MP: 13/34
 15895 | D:12     | Noticed Maurice
 15916 | D:12     | Killed Maurice
 16230 | D:12     | Found Xogeot's Jewellery Shop.
 16316 | D:12     | Reached skill level 5 in Fighting
 16394 | D:12     | Noticed a two-headed ogre
 16410 | D:12     | Killed a two-headed ogre
 16411 | D:12     | Reached skill level 10 in Conjurations
 16504 | D:12     | Reached skill level 17 in Spellcasting
 16764 | D:12     | Found Laciol's Magic Scroll Shoppe.
 16807 | D:12     | Found Cumeots's Magic Scroll Boutique.
 17589 | D:13     | Noticed a centaur warrior
 17606 | D:13     | Killed a centaur warrior
 17856 | D:13     | Noticed a vault guard
 17856 | D:13     | Noticed a vault guard
 17856 | D:13     | Noticed a vault guard
 17878 | D:13     | Killed a vault guard
 18389 | D:13     | Reached skill level 10 in Ice Magic
 18429 | D:13     | Noticed a vault guard
 18464 | D:13     | Killed a vault guard
 18554 | D:13     | Upgraded the game from 0.32-a0-898-g7811c86cf0 to
                  | 0.32-a0-900-g30fb1b0edc
 18582 | D:13     | Killed a vault guard
 18583 | D:13     | Reached skill level 18 in Spellcasting
 18673 | D:13     | Found a gate to the Vaults.
 18716 | D:13     | Noticed a vault guard
 18735 | D:13     | Killed a vault guard
 18989 | D:14     | Identified the +0 leather armour "Cosidees" {+Inv Regen+
                  | Slay-6}
 19013 | D:14     | Noticed a boulder beetle
 19055 | D:13     | Killed a boulder beetle
 19115 | D:14     | Noticed a four-headed hydra
 19174 | D:13     | Killed a vault guard
 19175 | D:13     | Reached XP level 13. HP: 74/74 MP: 27/37
 20157 | Lair:1   | Entered Level 1 of the Lair of Beasts
 20589 | Lair:1   | Reached skill level 19 in Spellcasting
 20774 | Lair:1   | Found a runed translucent gate.
 20774 | Lair:1   | Found a runed translucent gate.
 20774 | Lair:1   | Found a runed translucent gate.
 20776 | Lair:1   | Noticed Xocasifu's ghost (journeyman CoGl)
 21399 | Temple   | Acquired 982 gold pieces
 21540 | D:9      | Bought a book of the Earth for 576 gold pieces
 21540 | D:9      | Bought the Unrestrained Analects for 704 gold pieces
 21548 | D:9      | Learned a level 7 spell: Ozocubu's Refrigeration
 21554 | D:9      | Learned a level 5 spell: Lee's Rapid Deconstruction
 21719 | D:14     | Reached skill level 1 in Earth Magic
 22228 | D:15     | Entered Level 15 of the Dungeon
 22400 | D:15     | Offered knowledge of Conjure Ball Lightning by Vehumet.
 22505 | D:15     | Noticed a purple very ugly thing
 22510 | D:15     | Killed a brown very ugly thing
 22525 | D:15     | Found a portal to a secret trove of treasure.
 22541 | D:15     | Noticed Josephine
 22828 | Lair:2   | Identified the staff "Gyeniy" {rElec rF+ Conj Fire}
 22900 | Lair:2   | Noticed Urug
 22907 | Lair:2   | Killed Urug
 23218 | Lair:2   | Reached skill level 20 in Spellcasting
 23505 | Lair:2   | Reached XP level 14. HP: 80/80 MP: 33/40
 23715 | Lair:2   | Found a staircase to the Shoals.
 23719 | Lair:2   | Noticed Amaemon
 23725 | Lair:2   | Killed Amaemon
 23974 | Lair:2   | Noticed Fannar
 23985 | Lair:2   | Killed Fannar
 24223 | Lair:2   | Found a hole to the Spider Nest.
 24571 | Lair:2   | Identified the +6 glaive of Soseguni {heavy, Str+2}
 26177 | Lair:4   | Reached skill level 21 in Spellcasting
 26517 | Lair:4   | Offered knowledge of Bombard by Vehumet.
 27043 | Lair:4   | Found a staircase to the Slime Pits.
 27475 | Lair:4   | Found the +4 skin of Zhor {*Englaciate rC+++ SInv}
 27609 | Lair:5   | Entered Level 5 of the Lair of Beasts
 27725 | Lair:5   | Found a dark tunnel.
 27805 | Volcano  | Entered a volcano
 27849 | Volcano  | Reached skill level 1 in Necromancy
 28093 | Lair:5   | Reached XP level 15. HP: 86/86 MP: 30/42
 28833 | Lair:5   | Reached skill level 22 in Spellcasting
 29259 | Lair:5   | Reached skill level 1 in Shields
 29630 | Lair:5   | Offered knowledge of Starburst by Vehumet.
 29940 | Lair:5   | Learned a level 5 spell: Freezing Cloud
 29947 | Lair:5   | Learned a level 6 spell: Starburst
 31216 | D:12     | Bought a scroll of teleportation for 39 gold pieces
 31216 | D:12     | Bought a scroll of teleportation for 39 gold pieces
 31216 | D:12     | Bought a scroll of identify for 26 gold pieces
 31216 | D:12     | Bought a scroll of identify for 26 gold pieces
 31216 | D:12     | Bought a scroll of blinking for 97 gold pieces
 31257 | D:12     | Bought a scroll of identify for 34 gold pieces
 31257 | D:12     | Bought a scroll of identify for 34 gold pieces
 31257 | D:12     | Bought a scroll of teleportation for 51 gold pieces
 31257 | D:12     | Bought a scroll of identify for 34 gold pieces
 31257 | D:12     | Bought a scroll of blinking for 127 gold pieces
 31257 | D:12     | Bought a scroll of teleportation for 51 gold pieces
 31257 | D:12     | Bought a scroll of identify for 34 gold pieces
 31732 | D:15     | Killed Josephine
 32020 | D:15     | Noticed Roxanne
 32027 | D:15     | Killed Roxanne
 32696 | D:15     | Found a staircase to the Depths.
 32766 | D:15     | Noticed Rupert
 32790 | D:15     | Killed Rupert
 32982 | D:15     | Identified the +4 ring mail "Juon" {-Tele Will+ Int+4 SInv}
 33285 | Lair:1   | Reached skill level 23 in Spellcasting
 33420 | Lair:1   | Killed Xocasifu's ghost
 33743 | Orc:2    | Entered Level 2 of the Orcish Mines
 34070 | Orc:2    | Found a staircase to the Elven Halls.
 34242 | Orc:2    | Noticed Azrael
 34245 | Orc:2    | Killed Azrael
 34248 | Orc:2    | Noticed Saint Roka
 34494 | Orc:2    | Offered knowledge of Spellforged Servitor by Vehumet.
 34495 | Orc:2    | Reached XP level 16. HP: 42/92 MP: 21/45
 34706 | Orc:1    | Learned a level 6 spell: Permafrost Eruption
 35115 | Shoals:1 | Entered Level 1 of the Shoals
 36025 | Shoals:1 | Noticed Mlioglotl
 36029 | Shoals:1 | Noticed a profane servitor
 36029 | Shoals:1 | Killed Mlioglotl
 36570 | Shoals:2 | Found Riun's Gadget Gallery.
 37233 | Shoals:2 | Noticed a kraken
 37240 | Shoals:2 | Killed a kraken
 37637 | Shoals:3 | Reached skill level 24 in Spellcasting
 37914 | Shoals:3 | Reached skill level 5 in Shields
 38119 | Shoals:3 | Reached ****** piety under Vehumet
 38119 | Shoals:3 | Offered knowledge of Orb of Destruction by Vehumet.
 38200 | Shoals:3 | Noticed a kraken
 38287 | Shoals:3 | Killed a kraken
 38288 | Shoals:3 | Reached skill level 15 in Conjurations
 38891 | Shoals:3 | Noticed a kraken
 38901 | Shoals:3 | Found a transporter.
 38902 | Shoals:3 | Found a transporter.
 38905 | Shoals:3 | Noticed Duttonia's ghost (journeyman MeWn)
 39408 | Shoals:4 | Entered Level 4 of the Shoals
 39582 | Shoals:4 | Paralysed by an air elemental for 1 turns
 39911 | Shoals:4 | Reached XP level 17. HP: 48/96 MP: 32/47
 39967 | Shoals:4 | Reached skill level 15 in Ice Magic
 40526 | Shoals:4 | Reached skill level 25 in Spellcasting
 40681 | Shoals:4 | Identified the amulet "Fangevvo" {Acrobat ^Contam Rampage
                  | rN+++ Int-2}
 40877 | Shoals:4 | Identified the +1 orcbow "Aceot" {freeze, +Blink rN+ Will+}
 41003 | Shoals:4 | Paralysed by an air elemental for 1 turns
 41026 | Shoals:4 | Offered knowledge of Lehudib's Crystal Spear by Vehumet.
 41466 | Shoals:4 | Paralysed by an air elemental for 1 turns
 41469 | Shoals:4 | Paralysed by an air elemental for 1 turns
 41473 | Shoals:4 | Paralysed by an air elemental for 1 turns
 41635 | Shoals:4 | Found a bloodstained altar of Trog.
 41877 | Shoals:4 | Got a barnacled rune of Zot
 42858 | Spider:1 | Entered Level 1 of the Spider Nest
 44233 | Spider:1 | Reached skill level 26 in Spellcasting
 45495 | Spider:2 | Reached XP level 18. HP: 103/103 MP: 40/50
 45877 | Spider:2 | Offered knowledge of Shatter by Vehumet.
 45877 | Spider:2 | Offered knowledge of Chain Lightning by Vehumet.
 45877 | Spider:2 | Offered knowledge of Polar Vortex by Vehumet.
 45898 | Spider:2 | Learned a level 9 spell: Polar Vortex
 48524 | Spider:4 | Entered Level 4 of the Spider Nest
 48786 | Spider:4 | Noticed Nikola
 48792 | Spider:4 | Killed Nikola
 48793 | Spider:4 | Reached skill level 27 in Spellcasting
 49241 | Spider:4 | Reached skill level 5 in Stealth
 51062 | Spider:4 | Got a gossamer rune of Zot
 51444 | Orc:2    | Found a roughly hewn altar of Beogh.
 51484 | Orc:2    | Noticed Erolcha
 51487 | Orc:2    | Killed Erolcha
 51684 | Orc:2    | Found Urudil's Distillery.
 52072 | Orc:2    | Killed Saint Roka
 52417 | Orc:2    | Found Hiucal's Magic Scroll Emporium.
 52418 | Orc:2    | Found Buirut's Antique Weapon Boutique.
 52418 | Orc:2    | Found Vodol Lao's Jewellery Boutique.
 52457 | Orc:2    | Bought a potion of magic for 128 gold pieces
 52457 | Orc:2    | Bought a potion of curing for 48 gold pieces
 52457 | Orc:2    | Bought a potion of heal wounds for 80 gold pieces
 52457 | Orc:2    | Bought a potion of heal wounds for 80 gold pieces
 52457 | Orc:2    | Bought a potion of curing for 48 gold pieces
 52509 | Orc:2    | Reached XP level 19. HP: 110/110 MP: 33/52
 52761 | Elf:1    | Entered Level 1 of the Elven Halls
 53241 | Elf:1    | Identified the +1 robe "Filored" {Rampage}
 53655 | Elf:1    | Found Ves Pits's Antique Armour Boutique.
 53920 | Elf:1    | Reached skill level 10 in Stealth
 54111 | Elf:1    | Got Sif Muna's Omnibus of Spawned Conflict
 54120 | Elf:1    | Learned a level 7 spell: Orb of Destruction
 54417 | Elf:1    | You fall into a shaft and drop 1 floor!
 54422 | Elf:2    | Found Soifushri's Armour Emporium.
 54819 | Elf:1    | Found a shimmering blue altar of Sif Muna.
 54852 | Elf:1    | Bought a pair of glowing boots for 202 gold pieces
 55349 | Elf:2    | Noticed Agnes
 55353 | Elf:2    | Killed Agnes
 55463 | Elf:2    | Found a runed translucent gate.
 55463 | Elf:2    | Found a runed translucent gate.
 55463 | Elf:2    | Found a runed translucent gate.
 56484 | Elf:3    | Entered Level 3 of the Elven Halls
 56576 | Elf:3    | Reached skill level 10 in Fighting
 57118 | Elf:3    | Found a shimmering blue altar of Sif Muna.
 57446 | Elf:3    | Reached XP level 20. HP: 117/117 MP: 31/53
 57952 | Elf:3    | Identified the +1 ring mail of Parlour Games {Will+ Str+3}
 57960 | Elf:3    | Identified the +6 halberd of Spring {freeze, Dex+3}
 58305 | Elf:3    | Identified the +10 short sword "Imilleov" {drain, ^Drain
                  | rCorr Str+3 Int+3}
 58311 | Elf:3    | Identified the +0 pair of gloves of Nemelex Xobeh's Regard
                  | {rPois rC- Will+ Str+2}
 58330 | Elf:3    | Got the Vellum of Outbursts and Enchantment
 58331 | Elf:3    | Identified the +0 chain mail "Qiamof" {rElec rPois rF-
                  | Dex-2}
 58352 | Elf:3    | Identified the +6 longbow of Linearity {drain, rN+ Str+7
                  | Stlth+}
 58353 | Elf:3    | Identified the +0 scimitar of Kaoq {pain, ^Fragile +Blink
                  | Will+ Int+3}
 58368 | Elf:3    | Identified the +6 hand axe of Exquisite Death {protect, rC+
                  | Str+3}
 58997 | Depths:1 | Entered Level 1 of the Depths
 59627 | Depths:1 | Noticed Norris
 59632 | Depths:1 | Killed Norris
 59743 | Depths:1 | Found a runed translucent door.
 59743 | Depths:1 | Noticed a caustic shrike
 59744 | Depths:1 | Noticed a juggernaut
 60025 | Depths:1 | Reached skill level 15 in Stealth
 60150 | Depths:1 | Found a sacrificial altar of Ru.
 60259 | Depths:1 | Found a gateway to Hell.
 60341 | Depths:1 | Found a one-way gateway to a ziggurat.
 60717 | Depths:2 | Found Keerijus's Jewellery Emporium.
 60717 | Depths:2 | Found Weuggilo's Assorted Antiques.
 60717 | Depths:2 | Found Atom's Armour Emporium.
 60922 | Depths:2 | Found a one-way gate leading to the halls of Pandemonium.
 61093 | Depths:2 | Found a one-way gate to the infinite horrors of the Abyss.
 61107 | Depths:2 | Identified the +1 halberd "Zucugued" {flame, rPois rC+}
 61372 | Depths:2 | Identified the +4 war axe of Gallantry {flame, *Noise Will-
                  | Str+7 Dex+4}
 61971 | Depths:2 | Identified the amulet "Gycaylel" {rF+ RegenMP+}
 61975 | Depths:2 | Killed from afar by a fire giant

Illustrated notes

Levels and vault maps discovered:
D:1:      minmay_arrival_hallway, layout_loops_ring, serial_rivers,
          chequers_serial_rivers_micro_b, chequers_serial_rivers_large_a,
          chequers_serial_rivers_room_b, chequers_serial_rivers_small_b,
          chequers_serial_rivers_small_a, chequers_serial_rivers_small_b
D:2:      minmay_chambers_of_ones, layout_basic, serial_shops,
          nicolae_shop_advertising_works [nicolae_subvault_shop_adworks],
          uniq_jessica, uniq_crazy_yiuf_cottage
D:3:      layout_loops_ring, mainiacjoe_sewer_entry_somewhere_in_here_1,
          nicolae_ecumenical_lake_church, minivault_23
D:4:      layout_basic, minmay_temple_entry_large_hall, grunt_ministairs_6
D:5:      layout_basic, mainiacjoe_overflow_catwalk_spiral, due_unseen_surprise
D:6:      minmay_evil_eye, layout_loops_ring, elyvilon_altar_5,
          nicolae_alphabet_shops, uniq_grinder, uniq_prince_ribbit1
D:7:      layout_loops_ring, serial_shops, shop
D:8:      layout_loops_ring, mainiacjoe_overflow_six_doors_small, uniq_erica,
          uniq_psyche
D:9:      layout_irregular_city, david_lair_generic, zombieorc1_lemuel,
          enter_bailey_6, serial_shops, nicolae_shop_hallway_plus, shop,
          uniq_grum
D:10:     layout_irregular_city, serial_shops, shop, uniq_joseph
D:11:     layout_grid_maze, serial_shops, shop, shop, shop, shop,
          due_unseen_surprise, uniq_sonja, uniq_nergalle
D:12:     layout_rooms, serial_shops, nicolae_shop_rolled_up,
          nicolae_square_shop, nicolae_shop_back_alley_shop, uniq_maurice
D:13:     layout_stronghold, ximxim_vaults_locker_room, minmay_statues_item
D:14:     layout_cave_pools, serial_park, serial_park_square3
          [serial_park_minivault_5x5_7], serial_park_avenue1,
          serial_park_tiny_pond, serial_park_tiny_1, serial_park_tiny_1,
          minivault_12
D:15:     gammafunk_enter_depths_forms, layout_loops_ring,
          nicolae_trove_entry_isolated, uniq_rupert, uniq_josephine,
          uniq_roxanne
Temple:   nicolae_temple_no_exploring_needed
Lair:1:   layout_regular_city, gammafunk_ghost_hydra_chop, lemuel_fruit_fields
Lair:2:   layout_regular_city, minmay_shoals_entry_centaurs,
          hellmonk_spider_entry_not_the_bees, st_stairs_8,
          chequers_serial_rivers_micro_d, chequers_serial_rivers_micro_d,
          serial_bayou_pond_d, wad_woods_03, serial_bayou_shore_b, uniq_urug,
          uniq_amaemon, uniq_fannar
Lair:3:   layout_hall_layers, beast_lair_carwin_5
Lair:4:   layout_regular_city, slime_entry_1, hellmonk_guarded_unrand_zhor
Lair:5:   hangedman_lair_tendril_chambers, layout_regular_city, wormcave,
          nicolae_volcano_entry_vermiform
Shoals:1: layout_shoals, uniq_mlioglotl
Shoals:2: layout_shoals, nicolae_shop_gadgets
Shoals:3: argonaut_golden_fleece, layout_shoals, ebering_ghost_davey_jones
Shoals:4: shoals_end_hellmonk_storm_palace [storm_palace_center_circular,
          storm_palace_corner_narrow, storm_palace_corner_altar,
          storm_palace_corner_narrow, storm_palace_corner_reverse_hut]
Spider:1: nicolae_spider_obnoxious_hallway
Spider:2: layout_spider_delve
Spider:3: layout_spider_delve
Spider:4: hellmonk_spider_rune_endless_swarm,
          nicolae_spider_some_kinda_spiderbox, uniq_nikola
Orc:1:    layout_caves
Orc:2:    st_orc_elflike, layout_diamond_mine, nicolae_orc_hostile_takeover,
          nicolae_orc_seminary, uniq_erolcha, uniq_saint_roka, uniq_azrael
Elf:1:    elf_arrival_001, layout_geoelf_grid, serial_shops,
          nicolae_shop_waterfront, basic_altar, minmay_elf_sorcery,
          lemuel_flame_loot_1
Elf:2:    nicolae_elf_blades_splatter_lattice [nooodl_blade_entry_preview],
          layout_geoelf_octagon, serial_shops,
          nicolae_shop_pleasant_corner_grove, grunt_megastairs_5, uniq_agnes
Elf:3:    minmay_elf_hall_statues, layout_rooms, basic_altar,
          lemuel_flamethrower_1
Depths:1: layout_roguey, enter_ziggurat_d, nicolae_ru_sacrificial_ziggurat,
          hell_entry, kennysheep_treasure_room, uniq_norris
Depths:2: grunt_house_of_mirrors, layout_long_grid, pf_hell_entry_tar_spiral,
          abyss_entry_crystal, grunt_pan_entry_spiral, nrook_pool_corridor,
          nicolae_shop_distant_corner_stores, infiniplex_staircase_star,
          uniq_enchantress

Skill      XL: |  1  2  3  4  5  6  7  8  9 10 11 12 13 14 15 16 17 18 19 20 |
---------------+-------------------------------------------------------------+-----
Spellcasting   | 5 6 7 9 10 12 14 16 18 20 21 23 24 26 27 | 27.0
Fighting       | 1 2 3 4 6 7 8 9 10 | 10.0
Armour         | 1 2 3 4 5 6 7 8 9 |  9.5
Conjurations   | 2 3 4 5 7 8 9 10 12 13 14 15 16 17 18 19 | 19.0
Dodging        | 3 4 |  4.0
Stealth        | 3 4 8 13 16 | 16.2
Air Magic      | 1 |  1.0
Alchemy        | 1 |  1.0
Ice Magic      | 2 4 5 7 8 10 11 12 13 14 16 17 19 20 | 20.6
Fire Magic     | 1 |  1.3
Evocations     | 1 |  1.0
Earth Magic    | 2 |  2.0
Necromancy     | 1 3 |  3.0
Shields        | 3 5 6 |  6.0
Summonings     | |  1.1
Translocations | |  1.1

Action                     |  1- 3 |  4- 6 |  7- 9 | 10-12 | 13-15 | 16-18 | 19-21 || total
---------------------------+-------+-------+-------+-------+-------+-------+-------++-------
  Melee: Dagger            |       |    55 |    97 |   185 |   150 |    40 |       ||   527
         Staff             |       |       |       |       |       |       |     5 ||     5
   Cast: Magic Dart        |   102 |   147 |    26 |     3 |     6 |     2 |    12 ||   298
         Mephitic Cloud    |       |     8 |    20 |    67 |    33 |     6 |     2 ||   136
         Call Imp          |       |     2 |     3 |     7 |     4 |       |     1 ||    17
         Blink             |       |     1 |     2 |    22 |    12 |     2 |     4 ||    43
         Foxfire           |       |       |   160 |   822 |   204 |       |       ||  1186
         Ozocubu's Armour  |       |       |     5 |    12 |     3 |       |       ||    20
         Ozocubu's Refrige |       |       |       |       |   297 |   641 |   255 ||  1193
         Lee's Rapid Decon |       |       |       |       |    15 |       |       ||    15
         Starburst         |       |       |       |       |    13 |    32 |    22 ||    67
         Freezing Cloud    |       |       |       |       |     1 |       |       ||     1
         Permafrost Erupti |       |       |       |       |       |    12 |    35 ||    47
         Polar Vortex      |       |       |       |       |       |     2 |    21 ||    23
         Orb of Destructio |       |       |       |       |       |       |     5 ||     5
  Evoke: Wand              |       |       |       |    12 |     2 |     1 |     2 ||    17
    Use: Scroll            |       |       |       |    16 |    15 |     2 |     4 ||    37
         Potion            |       |       |       |       |       |     1 |       ||     1
   Stab: Confused          |       |     2 |    12 |    15 |    16 |     1 |       ||    46
         Sleeping          |       |     3 |       |       |       |       |       ||     3
         Distracted        |       |       |     1 |       |       |       |       ||     1
 Armour: Robe              |    11 |    56 |    74 |    33 |       |       |       ||   174
         Animal skin       |       |       |       |   267 |    70 |   158 |    92 ||   587
         Acid dragon scale |       |       |       |    11 |   177 |       |       ||   188
  Dodge: Dodged            |    12 |    45 |    74 |   230 |   152 |    75 |    28 ||   616
  Block: Buckler           |       |       |       |       |       |    34 |     8 ||    42

Table legend: (Time is in decaauts)
 A = Elapsed time spent in this place.
 B = Non-inter-level travel time spent in this place.
 C = Inter-level travel time spent in this place.
 D = Time resting spent in this place.
 E = Time spent auto-exploring this place.
 F = Levels seen in this place.
 G = Mean time per level.
                   A        B        C        D        E       F      G
               +--------+--------+--------+--------+--------+-----+--------+
         Total |  62200 |  56784 |   5416 |   6561 |  41698 |  39 | 1594.9 |
       Dungeon |  23782 |  20223 |   3559 |   1152 |  15399 |  15 | 1585.5 |
        Temple |    175 |    151 |     24 |      0 |      0 |   1 |  175.0 |
          Lair |   9643 |   8963 |    680 |    829 |   6961 |   5 | 1928.6 |
        Shoals |   7354 |   7103 |    251 |    813 |   5502 |   4 | 1838.5 |
   Spider Nest |   8340 |   7956 |    384 |   1732 |   5402 |   4 | 2085.0 |
  Orcish Mines |   2834 |   2635 |    199 |    817 |   1453 |   2 | 1417.0 |
   Elven Halls |   5769 |   5501 |    268 |    846 |   3855 |   3 | 1923.0 |
        Depths |   2978 |   2931 |     47 |    370 |   2130 |   2 | 1489.0 |
         Sewer |    617 |    617 |      0 |      0 |    512 |   1 |  617.0 |
        Bailey |    496 |    496 |      0 |      0 |    335 |   1 |  496.0 |
       Volcano |    208 |    208 |      0 |      2 |    148 |   1 |  208.0 |
               +--------+--------+--------+--------+--------+-----+--------+

Top non-repeatable levels by time:
  Lair:5: 2948 daAuts
Shoals:4: 2756 daAuts
    D:13: 2650 daAuts
Spider:1: 2526 daAuts
Spider:4: 2216 daAuts
   Elf:2: 2143 daAuts
   Elf:1: 2119 daAuts
Spider:2: 2069 daAuts
Shoals:3: 2051 daAuts
     D:9: 2043 daAuts
  Lair:2: 1978 daAuts
     D:2: 1924 daAuts
    D:11: 1851 daAuts
  Lair:1: 1796 daAuts
Depths:1: 1769 daAuts
